Map: 세룰리안 폴 - 래더

Players

Aventador (Oliveira)

  • Race: Terran Terran
  • League: Master
  • Spawn Location: 7:00

Zest - Winner!

  • Race: Protoss Protoss
  • League: Master
  • Spawn Location: 1:00

Event: IEM Season 13 - Katowice Server Qualifiers America

VOD

Have the link to the VOD?

Description

Time

  • Played on: Jan. 6, 2019, 5:46 p.m.
  • Length: 9:33

All games in this series

Show
View Real Time Build Order
Export as new Build Order

Aventador Terran 

Build Orders: Cyclone Opening 

Get SALT Encoding   

  12  0:00  SCV  
  13  0:12  SCV  
  14  0:17  Supply Depot  
  14  0:25  SCV  
  15  0:39  SCV  
  15  0:40  Barracks  
  16  0:45  Refinery  
  16  0:51  SCV  
  16  0:55  Refinery  
  17  1:03  SCV  
  18  1:15  SCV  
  19  1:29  Reaper  
  19  1:30  Orbital Command  
  20  1:35  Supply Depot  
  20  1:43  Factory  
  20  1:55  SCV  
  21  2:07  SCV  
  22  2:18  Barracks Reactor  
  22  2:19  SCV  
  23  2:35  SCV  
  23  2:36  Factory Tech Lab  
  24  2:37  Command Center  
  24  2:45  Starport  
  24  2:48  SCV  
  25  2:55  Supply Depot, Cyclone  
  25  2:57  Marine x2  
  30  3:00  SCV  
  31  3:12  SCV  
  31  3:16  Marine x2  
  33  3:21  Starport Tech Lab  
  33  3:24  SCV  
  34  3:31  Supply Depot  
  34  3:34  Marine x2  
  34  3:37  SCV  
  34  3:39  Cloaking Field  
  37  3:48  Banshee  
  37  3:52  Marine x2  
  43  3:55  SCV  
  43  3:59  Siege Tank  
  46  4:06  Orbital Command  
  46  4:08  SCV  
  47  4:11  Marine  
  47  4:13  Marine  
  49  4:20  SCV  
  50  4:25  Barracks  
  50  4:31  Banshee  
  50  4:32  SCV  
  50  4:34  Marine  
  50  4:35  SCV  
  56  4:39  Siege Tank  
  56  4:42  Supply Depot  
  59  4:45  SCV  
  59  4:47  Marine, SCV  
  62  4:53  Supply Depot  
  62  5:04  Marine, SCV x2  
  65  5:08  Marine  
  65  5:12  Siege Tank  
  65  5:13  Barracks Tech Lab  
  66  5:16  SCV x2  
  66  5:18  Barracks  
  68  5:21  Marine  
  68  5:24  Banshee  
  68  5:26  Marine  
  68  5:27  Engineering Bay  
  68  5:28  SCV  
  74  5:39  Refinery, SCV  
  74  5:40  SCV  
  74  5:42  Marine, Supply Depot  
  74  5:43  Marine  
  74  5:49  Siege Tank  
  78  5:52  Bunker  
  78  5:55  Bunker  
  78  5:59  Marine  
  78  6:00  Supply Depot  
  78  6:04  Marine  
  77  6:09  Stimpack  
  77  6:10  Marine  
  77  6:12  SCV x2  
  77  6:17  Marine  
  80  6:19  Marine  
  80  6:24  SCV, Terran Infantry Weapons Level 1  
  80  6:25  Marine, Barracks  
  83  6:26  Barracks  
  81  6:33  SCV  
  81  6:35  Refinery  
  81  6:36  Starport Reactor, Barracks Reactor  
  81  6:39  Marine  
  82  6:44  Supply Depot  
  82  6:45  Siege Tank  
  82  6:46  Marine  
  84  6:50  Missile Turret  
  84  6:52  Missile Turret  
  84  6:54  Marine, SCV  
  84  6:57  Marine  
  84  7:04  Marine  
  84  7:07  SCV  
  86  7:12  Marine x3  
  86  7:13  Barracks Reactor  
  86  7:15  Marine  
  78  7:25  Marine  
  78  7:27  Barracks Reactor, Siege Tank  
  78  7:29  SCV x2  
  75  7:31  Marine  
  75  7:32  Marine, Supply Depot  
  75  7:33  Marine x2  
  75  7:36  Supply Depot  
  79  7:38  Supply Depot  
  79  7:43  Marine  
  80  7:44  Medivac  
  80  7:46  Medivac  
  80  7:49  Marine x2  
  80  7:50  Marine  
  87  7:52  Marine x3  
  89  8:01  Marine, Siege Tank  
  89  8:04  Marine x2  
  94  8:07  Marine x2  
  94  8:08  Marine, SCV  
  94  8:10  Marine x2, Combat Shield, SCV  
  98  8:13  Marine  
  98  8:18  Marine  
  100  8:22  Medivac  
  100  8:23  Marine x2  
  104  8:27  Medivac  
  104  8:29  Marine  
  104  8:34  Marine x3  
  103  8:38  Siege Tank  
  103  8:40  Marine  
  110  8:48  Marine x2  
  96  9:05  SCV  
  96  9:09  Marine  
Show
View Real Time Build Order
Export as new Build Order

Zest Protoss - Winner!

Build Orders: 1 Gate Expand, Oracle Opening, Phoenix Opening, Zealot Archon 

Get SALT Encoding   

  12  0:00  Probe  
  13  0:12  Probe  
  14  0:18  Pylon  
  14  0:24  Probe  
  15  0:32  Probe  
  15  0:37  Gateway  
  15  0:41  Probe  
  16  0:47  Assimilator  
  17  0:51  Probe  
  18  1:03  Probe  
  19  1:15  Probe  
  20  1:24  Cybernetics Core  
  20  1:33  Nexus  
  20  1:36  Probe  
  21  1:43  Pylon  
  21  1:48  Probe  
  21  1:51  Assimilator  
  21  1:52  Adept  
  22  2:01  Probe  
  22  2:05  Warp Gate  
  25  2:14  Probe  
  26  2:20  Stalker  
  28  2:27  Probe  
  28  2:29  Pylon  
  29  2:39  Probe  
  29  2:43  Stargate  
  29  2:44  Probe  
  29  2:47  Probe  
  31  2:52  Probe  
  31  2:55  Probe  
  32  3:02  Probe  
  34  3:06  Probe  
  35  3:14  Probe, Stalker  
  35  3:16  Oracle  
  35  3:18  Probe  
  39  3:26  Probe  
  43  3:30  Probe, Pylon  
  43  3:33  Gateway  
  44  3:38  Probe  
  45  3:42  Probe  
  45  3:45  Phoenix  
  46  3:53  Probe  
  46  3:54  Probe  
  50  3:56  Pylon  
  50  4:02  Nexus  
  50  4:05  Probe  
  50  4:06  Probe  
  52  4:12  Phoenix  
  54  4:18  Probe  
  54  4:19  Assimilator  
  54  4:21  Assimilator  
  55  4:29  Forge, Twilight Council  
  55  4:32  Probe  
  55  4:33  Probe  
  57  4:40  Phoenix, Pylon  
  57  4:45  Probe x2  
  61  4:47  Protoss Ground Armor Level 1  
  61  4:50  Charge  
  61  4:57  Probe  
  61  4:58  Probe  
  63  5:05  Phoenix  
  64  5:13  Zealot x2  
  64  5:14  Probe x2  
  70  5:15  Probe  
  70  5:19  Shield Battery  
  69  5:30  Phoenix  
  69  5:31  Gateway  
  69  5:33  Gateway  
  71  5:38  Zealot x2  
  71  5:41  Gateway  
  73  5:47  Phoenix  
  73  5:56  Gateway  
  75  5:57  Pylon  
  75  6:03  Pylon  
  75  6:04  Pylon  
  75  6:05  Pylon  
  75  6:14  Pylon  
  75  6:15  Phoenix  
  77  6:22  Zealot  
  77  6:23  Zealot  
  81  6:33  Zealot x2  
  81  6:36  Pylon x2  
  81  6:38  Templar Archives  
  85  6:40  Robotics Facility  
  85  6:43  Phoenix  
  87  6:49  Zealot  
  89  6:55  Zealot x2  
  93  7:02  Zealot x2  
  93  7:07  Zealot  
  95  7:19  Warp Prism  
  95  7:21  Nexus  
  93  7:24  Pylon  
  93  7:34  High Templar x4  
  93  7:35  High Templar  
  93  7:36  High Templar  
  105  7:40  Archon x2  
  105  7:41  Archon, Pylon  
  105  7:46  Gateway  
  105  7:53  Gateway  
  105  7:56  Pylon  
  105  7:57  Psionic Storm  
  105  7:58  Probe x2  
  107  8:10  Probe x2  
  109  8:21  Assimilator  
  109  8:26  Assimilator  
  109  8:32  High Templar  
  111  8:36  High Templar  
  111  8:42  Zealot x5  
  121  8:48  Zealot  
  113  9:08  Zealot x6  
  113  9:09  Zealot x2  
  117  9:29  Stalker x7  
  117  9:30  Stalker  

Tags
 
Add a new tag
Caveats
  • Supply blocks, unpowered buildings, or Contaminate may cause inaccurate times.
  • Supply counts are checked every 10 seconds.